Oilers vs Flyers
(R1)
Created - 13 février 2013 at 23:16
Goals
|
| Oilers |
1 |
1 |
2 |
4 |
| Flyers |
0 |
1 |
2 |
3 |
|
Shots
|
| Oilers |
11 |
4 |
14 |
29 |
| Flyers |
7 |
11 |
9 |
27 |
|
1st period
1. Oilers , Rob Scuderi 2 (Steve Begin, Marty Reasoner) at 2:38
Penalties :
Jeff O'Neill (Phi) for Hooking (Minor) at 0:23, Steve Montador (Phi) for Interference (Minor) at 4:43, Patrick Kaleta (Edm) for Roughing (Minor) at 4:43, Shane Doan (Phi) for High sticking (Minor) at 11:01, Ian White (Edm) for High sticking (Minor) at 11:01, Jeff O'Neill (Phi) for Hooking (Minor) at 16:06, Mark Bell (Phi) for Holding (Minor) at 19:35
2nd period
2. Oilers , Ilya Kovalchuk 15 (Pierre-Marc Bouchard) at 0:04 (PP)
3. Flyers , Kyle Wellwood 5 (Scott Hannan) at 8:43
Penalties :
Pierre-Marc Bouchard (Edm) for Tripping (Minor) at 6:29, Shane Doan (Phi) for Holding (Minor) at 10:49, Rob Scuderi (Edm) for Roughing (Double Minor) at 17:56
3rd period
4. Oilers , Erik Rasmussen 7 (Pascal Dupuis, Rob Scuderi) at 3:37
5. Flyers , Martin St. Louis 9 (Brooks Orpik) at 4:53
6. Flyers , Shane Doan 22 (Marc Savard, Simon Gagné) at 5:09
7. Oilers , Joe Callahan 2 (Jonathan Toews, Joe Pavelski) at 18:10 (PP)
Penalties :
Jeff O'Neill (Phi) for Hooking (Minor) at 7:07, Marc Savard (Phi) for Tripping (Minor) at 10:23, Marc Savard (Phi) for Roughing (Minor) at 14:53, Marcel Goc (Phi) for Slashing (Minor) at 17:21, Andrei Kostitsyn (Phi) for High sticking (Minor) at 18:13
Goalie Stats
Byron Dafoe (Edm), 24 saves from 27 shots - (0,889), W, 5-4-1, 60:00 minutes
Ray Emery (Phi), 25 saves from 29 shots - (0,862), L, 9-6-0, 60:00 minutes
Players Stats for Oilers
Player Name G A P +/- PIM S H SB GA TA FO MP PP MP PK MP
------------------------------------------------------------------------------------
Eric Nystrom 0 0 0 0 0 0 0 0 0 0 0/0 5:32 0:00 0:02
Erik Rasmussen 1 0 1 1 0 1 0 0 0 0 4/5 8:45 0:07 3:13
Ian White 0 0 0 -2 2 1 1 2 1 1 0/0 25:02 7:12 3:03
Ilya Kovalchuk 1 0 1 -2 0 6 3 0 2 1 0/4 20:52 7:32 0:02
Jiri Slegr 0 0 0 -1 0 3 1 2 0 1 0/0 25:44 7:12 3:23
Joe Callahan 1 0 1 0 0 2 2 1 0 0 0/0 16:04 7:46 0:00
Joe Pavelski 0 1 1 -1 0 1 1 0 0 0 2/3 18:03 7:19 0:00
Jonathan Toews 0 1 1 -1 0 1 2 0 0 0 8/18 16:01 7:16 0:00
Kurtis Foster 0 0 0 1 0 0 1 1 1 1 0/0 26:06 7:46 1:48
Mark Fistric 0 0 0 0 0 0 0 0 0 0 0/0 10:29 0:00 2:55
Marty Reasoner 0 1 1 1 0 1 1 2 0 0 3/8 12:20 0:00 2:43
Pascal Dupuis 0 1 1 1 0 2 1 0 0 0 0/0 5:32 0:07 0:00
Patrick Kaleta 0 0 0 1 2 0 2 0 0 0 0/0 9:32 0:00 0:00
Patrick Marleau 0 0 0 -1 0 4 1 1 1 0 0/0 18:03 7:19 0:00
Pavol Demitra 0 0 0 -1 0 2 0 0 1 1 0/1 20:49 7:32 2:43
Pierre-Marc Bouchard 0 1 1 -2 2 3 2 0 1 0 13/30 20:49 7:32 0:00
Rob Scuderi 1 1 2 0 4 2 1 2 0 1 0/0 17:06 0:00 0:47
Steve Begin 0 1 1 1 0 0 1 0 0 0 0/0 13:11 0:10 3:13
Players Stats for Flyers
Player Name G A P +/- PIM S H SB GA TA FO MP PP MP PK MP
------------------------------------------------------------------------------------
Andrei Kostitsyn 0 0 0 0 2 1 0 1 0 0 0/0 9:56 0:07 1:35
Brian Campbell 0 0 0 0 0 1 0 0 0 1 0/0 29:28 3:10 9:32
Brooks Orpik 0 1 1 1 0 0 1 1 1 1 0/0 21:13 2:48 5:26
Ed Jovanovski 0 0 0 1 0 0 2 1 0 1 0/0 21:13 2:48 5:26
Eric Godard 0 0 0 0 0 0 1 0 0 0 0/0 7:08 0:07 0:00
Jeff O'Neill 0 0 0 0 6 0 2 0 0 0 8/9 13:34 2:45 1:00
Kyle Wellwood 1 0 1 0 0 3 0 2 0 0 4/12 11:41 0:00 4:15
Loui Eriksson 0 0 0 0 0 4 1 0 1 1 0/0 7:15 0:00 0:14
Marc Savard 0 1 1 1 4 2 1 1 0 2 21/37 22:25 3:06 6:12
Marcel Goc 0 0 0 0 2 0 0 0 0 0 2/3 7:00 0:00 0:00
Mark Bell 0 0 0 0 2 1 0 0 0 0 1/1 12:09 2:45 0:00
Martin St. Louis 1 0 1 0 0 3 1 0 1 0 1/2 18:12 2:45 4:01
Miroslav Satan 0 0 0 0 0 1 0 0 0 0 0/0 7:40 0:07 0:00
Nolan Pratt 0 0 0 0 0 0 0 2 0 1 0/0 9:41 0:00 0:00
Scott Hannan 0 1 1 0 0 0 0 2 0 0 0/0 9:58 0:00 0:00
Shane Doan 1 0 1 1 4 2 3 0 1 0 2/2 17:37 3:06 3:18
Simon Gagné 0 1 1 1 0 8 0 0 2 0 0/3 25:31 3:06 9:21
Steve Montador 0 0 0 0 2 1 0 1 0 0 0/0 29:12 3:10 9:32
3 Stars
1 - Joe Callahan (Edm)
2 - Erik Rasmussen (Edm)
3 - Martin St. Louis (Phi)
Power Play
Oilers - 2 on 9 Attempt(s) - 22,22%
Flyers - 0 on 3 Attempt(s) - 0,00%
Penalty Kill
Oilers - 3 on 3 Attempt(s) - 100,00%
- Score 0 goal in Penalty Kill
Flyers - 7 on 9 Attempt(s) - 77,78%
- Score 0 goal in Penalty Kill
Official
Referees : Hebert Ghislain and Kozari Steve
Linesman : Jean Morin and Greg Devorski
Game Notes
No Game Note
Finance
Level 1 -- Attendance: 5849 (97,48%) -- Ticket Income 543 957 $
Level 2 -- Attendance: 5000 (100,00%) -- Ticket Income 260 000 $
Level 3 -- Attendance: 1963 (98,15%) -- Ticket Income 62 816 $
Level 4 -- Attendance: 3503 (87,58%) -- Ticket Income 70 060 $
Luxury Box -- Attendance: 1000 (100,00%) -- Ticket Income 179 000 $
Game was played at the Spectrum
Total Attendance: 17315 (96,19%)
Total Ticket Income: 1 115 833 $
Total Income: 1 115 833 $
Oilers
5 vs 5 Forward
Center Left Wing Right Wing Time % Phy DF OF
1 Pierre-Marc Bouchard Ilya Kovalchuk Pavol Demitra 40 1 1 3
2 Jonathan Toews Patrick Marleau Joe Pavelski 30 1 1 3
3 Marty Reasoner Steve Begin Patrick Kaleta 20 2 1 2
4 Erik Rasmussen Eric Nystrom Pascal Dupuis 10 1 3 1
5 vs 5 Defense
Defense Defense Time % Phy DF OF
1 Kurtis Foster Rob Scuderi 36 1 2 2
2 Ian White Jiri Slegr 36 1 2 2
3 Joe Callahan Mark Fistric 23 0 3 2
4 Kurtis Foster Jiri Slegr 5 1 2 2
PowerPlay Forward
Center Left Wing Right Wing Time % Phy DF OF
1 Pierre-Marc Bouchard Ilya Kovalchuk Pavol Demitra 50 0 1 4
2 Jonathan Toews Patrick Marleau Joe Pavelski 50 0 1 4
PowerPlay Defense
Defense Defense Time % Phy DF OF
1 Kurtis Foster Joe Callahan 50 0 2 3
2 Ian White Jiri Slegr 50 0 2 3
Penalty Kill 4 Players Forward
Center Wing Time % Phy DF OF
1 Erik Rasmussen Steve Begin 50 1 3 1
2 Marty Reasoner Pavol Demitra 50 1 3 1
Penalty Kill 4 Players Defense
Defense Defense Time % Phy DF OF
1 Jiri Slegr Mark Fistric 50 1 3 1
2 Ian White Rob Scuderi 50 1 3 1
Penalty Kill - 3 Players Forward
Forward Time % Phy DF OF
1 Ilya Kovalchuk 50 1 2 2
2 Erik Rasmussen 50 1 3 1
Penalty Kill - 3 Players Defense
Defense Defense Time % Phy DF OF
1 Jiri Slegr Mark Fistric 50 1 3 1
2 Ian White Rob Scuderi 50 1 3 1
4 vs 4 Forward
Center Wing Time % Phy DF OF
1 Pierre-Marc Bouchard Ilya Kovalchuk 50 1 1 3
2 Joe Pavelski Patrick Marleau 50 1 2 2
4 vs 4 Defense
Defense Defense Time % Phy DF OF
1 Kurtis Foster Rob Scuderi 50 1 2 2
2 Ian White Jiri Slegr 50 1 2 2
Last Minutes Offensive
Center Left Wing Right Wing Defense Defense
Pierre-Marc Bouchard Ilya Kovalchuk Joe Pavelski Jiri Slegr Kurtis Foster
Last Minutes Defensive
Center Left Wing Right Wing Defense Defense
Pierre-Marc Bouchard Ilya Kovalchuk Joe Pavelski Ian White Jiri Slegr
Goaltenders
Starting : Byron Dafoe
Backup : Cam Ward
Extra Forwards
Normal : Joe Pavelski, Ilya Kovalchuk, Patrick Marleau - PP : Steve Begin, Erik Rasmussen - PK : Eric Nystrom
Extra Defensemen
Normal : Ian White, Kurtis Foster, Jiri Slegr - PP : Mark Fistric - PK : Ian White, Kurtis Foster
Penalty Shots
Ilya Kovalchuk, Joe Pavelski, Patrick Marleau, Pierre-Marc Bouchard, Pavol Demitra
Flyers
5 vs 5 Forward
Center Left Wing Right Wing Time % Phy DF OF
1 Marc Savard Simon Gagné Shane Doan 40 1 2 2
2 Jeff O'Neill Mark Bell Martin St. Louis 30 1 2 2
3 Kyle Wellwood Andrei Kostitsyn Miroslav Satan 20 1 2 2
4 Marcel Goc Loui Eriksson Eric Godard 10 1 2 2
5 vs 5 Defense
Defense Defense Time % Phy DF OF
1 Steve Montador Brian Campbell 40 1 2 2
2 Brooks Orpik Ed Jovanovski 30 1 2 2
3 Scott Hannan Nolan Pratt 20 1 2 2
4 Steve Montador Brian Campbell 10 1 2 2
PowerPlay Forward
Center Left Wing Right Wing Time % Phy DF OF
1 Marc Savard Simon Gagné Shane Doan 60 1 2 2
2 Jeff O'Neill Mark Bell Martin St. Louis 40 1 2 2
PowerPlay Defense
Defense Defense Time % Phy DF OF
1 Steve Montador Brian Campbell 60 1 2 2
2 Brooks Orpik Ed Jovanovski 40 1 2 2
Penalty Kill 4 Players Forward
Center Wing Time % Phy DF OF
1 Marc Savard Simon Gagné 60 1 2 2
2 Martin St. Louis Shane Doan 40 1 2 2
Penalty Kill 4 Players Defense
Defense Defense Time % Phy DF OF
1 Steve Montador Brian Campbell 60 1 2 2
2 Brooks Orpik Ed Jovanovski 40 1 2 2
Penalty Kill - 3 Players Forward
Forward Time % Phy DF OF
1 Marc Savard 60 1 2 2
2 Simon Gagné 40 1 2 2
Penalty Kill - 3 Players Defense
Defense Defense Time % Phy DF OF
1 Steve Montador Brian Campbell 60 1 2 2
2 Brooks Orpik Ed Jovanovski 40 1 2 2
4 vs 4 Forward
Center Wing Time % Phy DF OF
1 Marc Savard Simon Gagné 60 1 2 2
2 Martin St. Louis Shane Doan 40 1 2 2
4 vs 4 Defense
Defense Defense Time % Phy DF OF
1 Steve Montador Brian Campbell 60 1 2 2
2 Brooks Orpik Ed Jovanovski 40 1 2 2
Last Minutes Offensive
Center Left Wing Right Wing Defense Defense
Marc Savard Simon Gagné Martin St. Louis Steve Montador Brian Campbell
Last Minutes Defensive
Center Left Wing Right Wing Defense Defense
Marc Savard Simon Gagné Martin St. Louis Steve Montador Brian Campbell
Goaltenders
Starting : Ray Emery
Backup : Chris Mason
Extra Forwards
Normal : Miroslav Satan, Andrei Kostitsyn, Kyle Wellwood - PP : Miroslav Satan, Andrei Kostitsyn - PK : Kyle Wellwood
Extra Defensemen
Normal : Scott Hannan, Nolan Pratt, Brooks Orpik - PP : Scott Hannan - PK : Nolan Pratt, Brooks Orpik
Penalty Shots
Marc Savard, Simon Gagné, Martin St. Louis, Shane Doan, Miroslav Satan
% Time on Ice - Oilers
Lines # - Real PCT - Wanted PCT - Time Play
Normal Forward
1 - 32% - 40% - 11:14
2 - 26% - 30% - 9:04
3 - 27% - 20% - 9:33
4 - 15% - 10% - 5:15
Normal Defense
1 - 41% - 36% - 14:15
2 - 38% - 36% - 13:17
3 - 22% - 23% - 7:34
4 - 0% - 5% - 0:00
PP Forward
1 - 50% - 50% - 7:32
2 - 50% - 50% - 7:26
PP Defense
1 - 52% - 50% - 7:46
2 - 48% - 50% - 7:12
PK Forward
1 - 54% - 50% - 3:15
2 - 46% - 50% - 2:43
PK Defense
1 - 49% - 50% - 2:55
2 - 51% - 50% - 3:03
PK3 Forward
1 - 0% - 50%
2 - 0% - 50%
PK3 Defense
1 - 0% - 50%
2 - 0% - 50%
44 Forward
1 - 52% - 50% - 2:04
2 - 48% - 50% - 1:54
44 Defense
1 - 45% - 50% - 1:47
2 - 55% - 50% - 2:11
Last Minute Offensive - 0:00
Last Minute Defensive - 0:00
Total
Forward - 60:00
Defense - 60:00
|
% Time on Ice - Flyers
Lines # - Real PCT - Wanted PCT - Time Play
Normal Forward
1 - 32% - 40% - 11:10
2 - 28% - 30% - 9:57
3 - 20% - 20% - 6:58
4 - 20% - 10% - 7:01
Normal Defense
1 - 41% - 40% - 14:31
2 - 32% - 30% - 11:16
3 - 27% - 20% - 9:19
4 - 0% - 10% - 0:00
PP Forward
1 - 54% - 60% - 3:13
2 - 46% - 40% - 2:45
PP Defense
1 - 53% - 60% - 3:10
2 - 47% - 40% - 2:48
PK Forward
1 - 73% - 60% - 10:57
2 - 27% - 40% - 4:01
PK Defense
1 - 64% - 60% - 9:32
2 - 36% - 40% - 5:26
PK3 Forward
1 - 0% - 60%
2 - 0% - 40%
PK3 Defense
1 - 0% - 60%
2 - 0% - 40%
44 Forward
1 - 63% - 60% - 2:29
2 - 37% - 40% - 1:29
44 Defense
1 - 57% - 60% - 2:15
2 - 43% - 40% - 1:43
Last Minute Offensive - 0:00
Last Minute Defensive - 0:00
Total
Forward - 60:00
Defense - 60:00
|
Play by Play
1st period
0:01 of 1st period - Marc Savard wins face-off versus Pierre-Marc Bouchard in neutral zone.
0:23 of 1st period - Minor Penalty to Jeff O'Neill for Hooking.
0:24 of 1st period - Marc Savard wins face-off versus Pierre-Marc Bouchard in Flyers zone.
0:49 of 1st period - Martin St. Louis is hit by Jonathan Toews and loses puck.
1:14 of 1st period - Snap shot by Simon Gagné.
1:14 of 1st period - Stopped by Byron Dafoe without a rebound.
1:15 of 1st period - Jonathan Toews wins face-off versus Marc Savard in Oilers zone.
1:19 of 1st period - Icing by Jonathan Toews.
1:20 of 1st period - Marc Savard wins face-off versus Jonathan Toews in Oilers zone.
1:35 of 1st period - Joe Callahan is hit by Marc Savard and loses puck.
2:23 of 1st period - Penalty to Jeff O'Neill is over, Jeff O'Neill is back on ice.
2:32 of 1st period - Wrist shot by Patrick Kaleta.
2:32 of 1st period - Shot Misses the Net.
2:34 of 1st period - Slapshot by Marty Reasoner.
2:34 of 1st period - Shot Blocked by Kyle Wellwood.
2:36 of 1st period - Snap shot by Steve Begin.
2:36 of 1st period - Shot Misses the Net.
2:38 of 1st period - Slapshot by Rob Scuderi.
2:38 of 1st period - Goal by Rob Scuderi - Oilers : 1 - Flyers : 0.
2:39 of 1st period - Jeff O'Neill wins face-off versus Jonathan Toews in neutral zone.
3:51 of 1st period - Snap shot by Miroslav Satan.
3:51 of 1st period - Stopped by Byron Dafoe with a rebound.
4:43 of 1st period - Minor Penalty to Steve Montador for Interference.
4:43 of 1st period - Minor Penalty to Patrick Kaleta for Roughing.
4:44 of 1st period - Marc Savard wins face-off versus Pierre-Marc Bouchard in neutral zone.
4:49 of 1st period - Snap shot by Simon Gagné.
4:49 of 1st period - Stopped by Byron Dafoe with a rebound.
4:51 of 1st period - Snap shot by Simon Gagné.
4:51 of 1st period - Stopped by Byron Dafoe without a rebound.
4:52 of 1st period - Marc Savard wins face-off versus Pierre-Marc Bouchard in Oilers zone.
4:55 of 1st period - Snap shot by Marc Savard.
4:55 of 1st period - Shot Misses the Net.
5:03 of 1st period - Wrist shot by Marc Savard.
5:03 of 1st period - Shot Misses the Net.
5:05 of 1st period - Wrist shot by Marc Savard.
5:05 of 1st period - Deflect By Simon Gagné.
5:05 of 1st period - Shot Misses the Net.
5:05 of 1st period - Puck is out of play.
5:06 of 1st period - Joe Pavelski wins face-off versus Simon Gagné in Oilers zone.
5:17 of 1st period - Wrist shot by Patrick Marleau.
5:17 of 1st period - Shot Misses the Net.
6:19 of 1st period - Icing by Ilya Kovalchuk.
6:20 of 1st period - Marc Savard wins face-off versus Joe Pavelski in Oilers zone.
6:43 of 1st period - Penalty to Steve Montador is over, Steve Montador is back on ice.
6:43 of 1st period - Penalty to Patrick Kaleta is over, Patrick Kaleta is back on ice.
7:44 of 1st period - Slapshot by Martin St. Louis.
7:44 of 1st period - Stopped by Byron Dafoe with a rebound.
7:59 of 1st period - Nolan Pratt is hit by Ilya Kovalchuk and loses puck.
8:04 of 1st period - Wrist shot by Ilya Kovalchuk.
8:04 of 1st period - Stopped by Ray Emery with a rebound.
8:06 of 1st period - Snap shot by Ilya Kovalchuk.
8:06 of 1st period - Shot Misses the Net.
8:23 of 1st period - Off-side.
8:24 of 1st period - Pierre-Marc Bouchard wins face-off versus Martin St. Louis in neutral zone.
8:36 of 1st period - Icing by Brian Campbell.
8:37 of 1st period - Jeff O'Neill wins face-off versus Ilya Kovalchuk in Flyers zone.
8:48 of 1st period - Snap shot by Pierre-Marc Bouchard.
8:48 of 1st period - Stopped by Ray Emery with a rebound.
9:02 of 1st period - Slapshot by Brian Campbell.
9:02 of 1st period - Deflect By Simon Gagné.
9:02 of 1st period - Shot Blocked by Patrick Marleau.
9:02 of 1st period - Puck is out of play.
9:03 of 1st period - Jonathan Toews wins face-off versus Marc Savard in Oilers zone.
9:35 of 1st period - Snap shot by Pierre-Marc Bouchard.
9:35 of 1st period - Stopped by Ray Emery with a rebound.
9:37 of 1st period - Slapshot by Jiri Slegr.
9:37 of 1st period - Stopped by Ray Emery with a rebound.
9:41 of 1st period - Wrist shot by Ilya Kovalchuk.
9:41 of 1st period - Stopped by Ray Emery with a rebound.
10:07 of 1st period - Icing by Brooks Orpik.
10:08 of 1st period - Erik Rasmussen wins face-off versus Kyle Wellwood in Flyers zone.
10:41 of 1st period - Snap shot by Marc Savard.
10:41 of 1st period - Stopped by Byron Dafoe without a rebound.
10:42 of 1st period - Marc Savard wins face-off versus Jonathan Toews in Oilers zone.
10:43 of 1st period - Snap shot by Simon Gagné.
10:43 of 1st period - Shot Misses the Net.
11:00 of 1st period - Slapshot by Marc Savard.
11:00 of 1st period - Shot Misses the Net.
11:01 of 1st period - Minor Penalty to Shane Doan for High sticking.
11:01 of 1st period - Minor Penalty to Ian White for High sticking.
11:02 of 1st period - Joe Pavelski wins face-off versus Marc Savard in Oilers zone.
11:13 of 1st period - Slapshot by Patrick Marleau.
11:13 of 1st period - Stopped by Ray Emery with a rebound.
11:15 of 1st period - Slapshot by Rob Scuderi.
11:15 of 1st period - Stopped by Ray Emery with a rebound.
11:17 of 1st period - Snap shot by Patrick Marleau.
11:17 of 1st period - Stopped by Ray Emery without a rebound.
11:18 of 1st period - Pierre-Marc Bouchard wins face-off versus Marc Savard in Flyers zone.
13:01 of 1st period - Penalty to Shane Doan is over, Shane Doan is back on ice.
13:01 of 1st period - Penalty to Ian White is over, Ian White is back on ice.
13:05 of 1st period - Martin St. Louis is hit by Pierre-Marc Bouchard and loses puck.
13:27 of 1st period - Wrist shot by Ilya Kovalchuk.
13:27 of 1st period - Shot Misses the Net.
13:29 of 1st period - Snap shot by Pierre-Marc Bouchard.
13:29 of 1st period - Deflect By Ilya Kovalchuk.
13:29 of 1st period - Stopped by Ray Emery without a rebound.
13:30 of 1st period - Marcel Goc wins face-off versus Marty Reasoner in Flyers zone.
13:55 of 1st period - Simon Gagné is hit by Joe Callahan and loses puck.
14:10 of 1st period - Miroslav Satan is hit by Joe Pavelski and loses puck.
15:51 of 1st period - Off-side.
15:52 of 1st period - Jeff O'Neill wins face-off versus Jonathan Toews in neutral zone.
15:55 of 1st period - Wrist shot by Mark Bell.
15:55 of 1st period - Shot Misses the Net.
16:06 of 1st period - Minor Penalty to Jeff O'Neill for Hooking.
16:07 of 1st period - Marc Savard wins face-off versus Pavol Demitra in Flyers zone.
16:28 of 1st period - Brian Campbell is hit by Ian White and loses puck.
16:39 of 1st period - Snap shot by Patrick Marleau.
16:39 of 1st period - Stopped by Ray Emery with a rebound.
16:47 of 1st period - Snap shot by Steve Montador.
16:47 of 1st period - Stopped by Byron Dafoe with a rebound.
18:06 of 1st period - Penalty to Jeff O'Neill is over, Jeff O'Neill is back on ice.
18:10 of 1st period - Snap shot by Erik Rasmussen.
18:10 of 1st period - Shot Misses the Net.
18:24 of 1st period - Snap shot by Kyle Wellwood.
18:24 of 1st period - Shot Misses the Net.
18:57 of 1st period - Patrick Marleau is hit by Jeff O'Neill and loses puck.
19:35 of 1st period - Minor Penalty to Mark Bell for Holding.
19:36 of 1st period - Marc Savard wins face-off versus Pierre-Marc Bouchard in Flyers zone.
19:49 of 1st period - Slapshot by Ian White.
19:49 of 1st period - Deflect By Ilya Kovalchuk.
19:49 of 1st period - Shot Blocked by Marc Savard.
19:49 of 1st period - Puck is out of play.
19:50 of 1st period - Jonathan Toews wins face-off versus Marc Savard in Flyers zone.
2nd period
0:01 of 2nd period - Pierre-Marc Bouchard wins face-off versus Simon Gagné in neutral zone.
0:04 of 2nd period - Slapshot by Ilya Kovalchuk.
0:04 of 2nd period - Goal by Ilya Kovalchuk - Oilers : 2 - Flyers : 0.
0:05 of 2nd period - Marc Savard wins face-off versus Ilya Kovalchuk in neutral zone.
0:30 of 2nd period - Jeff O'Neill is hit by Jonathan Toews and loses puck.
0:53 of 2nd period - Snap shot by Marcel Goc.
0:53 of 2nd period - Shot Blocked by Ian White.
1:19 of 2nd period - Snap shot by Pascal Dupuis.
1:19 of 2nd period - Stopped by Ray Emery with a rebound.
1:21 of 2nd period - Slapshot by Kurtis Foster.
1:21 of 2nd period - Shot Misses the Net.
1:42 of 2nd period - Icing by Brooks Orpik.
1:43 of 2nd period - Shane Doan wins face-off versus Jonathan Toews in Flyers zone.
2:10 of 2nd period - Shane Doan is hit by Ilya Kovalchuk and loses puck.
2:47 of 2nd period - Wrist shot by Shane Doan.
2:47 of 2nd period - Deflect By Marc Savard.
2:47 of 2nd period - Shot Misses the Net.
2:47 of 2nd period - Puck is out of play.
2:48 of 2nd period - Jeff O'Neill wins face-off versus Jonathan Toews in Oilers zone.
3:03 of 2nd period - Slapshot by Joe Pavelski.
3:03 of 2nd period - Shot Blocked by Scott Hannan.
3:25 of 2nd period - Wrist shot by Pierre-Marc Bouchard.
3:25 of 2nd period - Shot Misses the Net.
3:44 of 2nd period - Wrist shot by Marcel Goc.
3:44 of 2nd period - Shot Blocked by Marty Reasoner.
3:46 of 2nd period - Wrist shot by Brian Campbell.
3:46 of 2nd period - Stopped by Byron Dafoe with a rebound.
3:48 of 2nd period - Snap shot by Brian Campbell.
3:48 of 2nd period - Shot Misses the Net.
3:50 of 2nd period - Slapshot by Brian Campbell.
3:50 of 2nd period - Deflect By Loui Eriksson.
3:50 of 2nd period - Stopped by Byron Dafoe without a rebound.
3:51 of 2nd period - Martin St. Louis wins face-off versus Jonathan Toews in Oilers zone.
4:16 of 2nd period - Steve Montador is hit by Pierre-Marc Bouchard and loses puck.
4:27 of 2nd period - Snap shot by Miroslav Satan.
4:27 of 2nd period - Shot Blocked by Rob Scuderi.
4:40 of 2nd period - Snap shot by Simon Gagné.
4:40 of 2nd period - Stopped by Byron Dafoe without a rebound.
4:41 of 2nd period - Marc Savard wins face-off versus Marty Reasoner in Oilers zone.
4:52 of 2nd period - Wrist shot by Simon Gagné.
4:52 of 2nd period - Stopped by Byron Dafoe without a rebound.
4:53 of 2nd period - Marc Savard wins face-off versus Ilya Kovalchuk in Oilers zone.
5:02 of 2nd period - Snap shot by Ilya Kovalchuk.
5:02 of 2nd period - Shot Misses the Net.
6:27 of 2nd period - Snap shot by Ilya Kovalchuk.
6:27 of 2nd period - Shot Blocked by Nolan Pratt.
6:29 of 2nd period - Wrist shot by Pavol Demitra.
6:29 of 2nd period - Stopped by Ray Emery without a rebound.
6:29 of 2nd period - Minor Penalty to Pierre-Marc Bouchard for Tripping.
6:30 of 2nd period - Erik Rasmussen wins face-off versus Marc Savard in Oilers zone.
6:35 of 2nd period - Simon Gagné is hit by Steve Begin and loses puck.
6:52 of 2nd period - Pavol Demitra is hit by Brooks Orpik and loses puck.
7:03 of 2nd period - Snap shot by Steve Begin.
7:03 of 2nd period - Shot Misses the Net.
8:29 of 2nd period - Penalty to Pierre-Marc Bouchard is over, Pierre-Marc Bouchard is back on ice.
8:43 of 2nd period - Snap shot by Kyle Wellwood.
8:43 of 2nd period - Goal by Kyle Wellwood - Oilers : 2 - Flyers : 1.
8:44 of 2nd period - Jeff O'Neill wins face-off versus Pierre-Marc Bouchard in neutral zone.
9:23 of 2nd period - Marty Reasoner is hit by Jeff O'Neill.
9:55 of 2nd period - Wrist shot by Scott Hannan.
9:55 of 2nd period - Shot Hit the Post.
10:03 of 2nd period - Wrist shot by Kyle Wellwood.
10:03 of 2nd period - Deflect By Kurtis Foster.
10:03 of 2nd period - Stopped by Byron Dafoe without a rebound.
10:04 of 2nd period - Pierre-Marc Bouchard wins face-off versus Kyle Wellwood in Oilers zone.
10:34 of 2nd period - Slapshot by Ian White.
10:34 of 2nd period - Stopped by Ray Emery without a rebound.
10:35 of 2nd period - Pierre-Marc Bouchard wins face-off versus Marc Savard in Flyers zone.
10:42 of 2nd period - Wrist shot by Simon Gagné.
10:42 of 2nd period - Shot Blocked by Jiri Slegr.
10:44 of 2nd period - Wrist shot by Shane Doan.
10:44 of 2nd period - Stopped by Byron Dafoe with a rebound.
10:49 of 2nd period - Minor Penalty to Shane Doan for Holding.
10:50 of 2nd period - Marc Savard wins face-off versus Pierre-Marc Bouchard in Flyers zone.
12:49 of 2nd period - Penalty to Shane Doan is over, Shane Doan is back on ice.
13:30 of 2nd period - Ed Jovanovski is hit by Patrick Kaleta and loses puck.
14:20 of 2nd period - Brooks Orpik is hit by Kurtis Foster and loses puck.
14:52 of 2nd period - Icing by Martin St. Louis.
14:53 of 2nd period - Jeff O'Neill wins face-off versus Marty Reasoner in Flyers zone.
15:06 of 2nd period - Wrist shot by Martin St. Louis.
15:06 of 2nd period - Shot Blocked by Joe Callahan.
15:49 of 2nd period - Slapshot by Loui Eriksson.
15:49 of 2nd period - Stopped by Byron Dafoe with a rebound.
16:14 of 2nd period - Snap shot by Scott Hannan.
16:14 of 2nd period - Shot Misses the Net.
16:33 of 2nd period - Snap shot by Simon Gagné.
16:33 of 2nd period - Stopped by Byron Dafoe with a rebound.
17:41 of 2nd period - Brooks Orpik is hit by Rob Scuderi and loses puck.
17:44 of 2nd period - Snap shot by Miroslav Satan.
17:44 of 2nd period - Deflect By Andrei Kostitsyn.
17:44 of 2nd period - Stopped by Byron Dafoe without a rebound.
17:45 of 2nd period - Pierre-Marc Bouchard wins face-off versus Marc Savard in Oilers zone.
17:56 of 2nd period - Snap shot by Marc Savard.
17:56 of 2nd period - Stopped by Byron Dafoe without a rebound.
17:56 of 2nd period - Double Minor Penalty to Rob Scuderi for Roughing.
17:57 of 2nd period - Marty Reasoner wins face-off versus Marc Savard in Oilers zone.
18:22 of 2nd period - Martin St. Louis is hit by Marty Reasoner and loses puck.
18:31 of 2nd period - Snap shot by Marty Reasoner.
18:31 of 2nd period - Shot Misses the Net.
19:35 of 2nd period - Icing by Mark Bell.
19:36 of 2nd period - Jeff O'Neill wins face-off versus Erik Rasmussen in Flyers zone.
3rd period
0:01 of 3rd period - Marc Savard wins face-off versus Marty Reasoner in neutral zone.
0:37 of 3rd period - Ian White is hit by Martin St. Louis.
0:43 of 3rd period - Snap shot by Pavol Demitra.
0:43 of 3rd period - Shot Misses the Net.
1:01 of 3rd period - Slapshot by Ian White.
1:01 of 3rd period - Shot Misses the Net.
1:31 of 3rd period - Marc Savard is hit by Jiri Slegr and loses puck.
1:56 of 3rd period - Penalty to Rob Scuderi is over, Rob Scuderi is back on ice.
2:49 of 3rd period - Icing by Pavol Demitra.
2:50 of 3rd period - Erik Rasmussen wins face-off versus Marc Savard in Oilers zone.
2:50 of 3rd period - Rob Scuderi is hit by Shane Doan and loses puck.
2:58 of 3rd period - Icing by Eric Nystrom.
2:59 of 3rd period - Erik Rasmussen wins face-off versus Jeff O'Neill in Oilers zone.
3:08 of 3rd period - Scott Hannan is hit by Pascal Dupuis and loses puck.
3:21 of 3rd period - Wrist shot by Kurtis Foster.
3:21 of 3rd period - Shot Blocked by Nolan Pratt.
3:23 of 3rd period - Slapshot by Rob Scuderi.
3:23 of 3rd period - Shot Blocked by Scott Hannan.
3:25 of 3rd period - Wrist shot by Pascal Dupuis.
3:25 of 3rd period - Stopped by Ray Emery with a rebound.
3:37 of 3rd period - Wrist shot by Erik Rasmussen.
3:37 of 3rd period - Goal by Erik Rasmussen - Oilers : 3 - Flyers : 1.
3:38 of 3rd period - Pierre-Marc Bouchard wins face-off versus Simon Gagné in neutral zone.
3:40 of 3rd period - Off-side.
3:41 of 3rd period - Marc Savard wins face-off versus Pierre-Marc Bouchard in neutral zone.
3:54 of 3rd period - Wrist shot by Ilya Kovalchuk.
3:54 of 3rd period - Shot Misses the Net.
3:56 of 3rd period - Slapshot by Ian White.
3:56 of 3rd period - Shot Blocked by Steve Montador.
4:09 of 3rd period - Off-side.
4:10 of 3rd period - Mark Bell wins face-off versus Jonathan Toews in neutral zone.
4:15 of 3rd period - Wrist shot by Martin St. Louis.
4:15 of 3rd period - Shot Blocked by Kurtis Foster.
4:17 of 3rd period - Slapshot by Mark Bell.
4:17 of 3rd period - Stopped by Byron Dafoe without a rebound.
4:18 of 3rd period - Pierre-Marc Bouchard wins face-off versus Marc Savard in Oilers zone.
4:18 of 3rd period - Pierre-Marc Bouchard is hit by Shane Doan.
4:23 of 3rd period - Kurtis Foster is hit by Ed Jovanovski and loses puck.
4:51 of 3rd period - Wrist shot by Martin St. Louis.
4:51 of 3rd period - Shot Blocked by Rob Scuderi.
4:53 of 3rd period - Wrist shot by Martin St. Louis.
4:53 of 3rd period - Goal by Martin St. Louis - Oilers : 3 - Flyers : 2.
4:54 of 3rd period - Marc Savard wins face-off versus Pierre-Marc Bouchard in neutral zone.
4:59 of 3rd period - Snap shot by Simon Gagné.
4:59 of 3rd period - Shot Misses the Net.
5:05 of 3rd period - Snap shot by Marc Savard.
5:05 of 3rd period - Deflect By Simon Gagné.
5:05 of 3rd period - Stopped by Byron Dafoe with a rebound.
5:07 of 3rd period - Snap shot by Marc Savard.
5:07 of 3rd period - Shot Misses the Net.
5:09 of 3rd period - Snap shot by Shane Doan.
5:09 of 3rd period - Goal by Shane Doan - Oilers : 3 - Flyers : 3.
5:10 of 3rd period - Shane Doan wins face-off versus Pierre-Marc Bouchard in neutral zone.
5:23 of 3rd period - Wrist shot by Ilya Kovalchuk.
5:23 of 3rd period - Stopped by Ray Emery with a rebound.
5:25 of 3rd period - Slapshot by Jiri Slegr.
5:25 of 3rd period - Stopped by Ray Emery without a rebound.
5:26 of 3rd period - Jeff O'Neill wins face-off versus Jonathan Toews in Flyers zone.
5:51 of 3rd period - Shane Doan is hit by Ilya Kovalchuk and loses puck.
6:23 of 3rd period - Kyle Wellwood is hit by Patrick Kaleta and loses puck.
6:48 of 3rd period - Slapshot by Marcel Goc.
6:48 of 3rd period - Shot Misses the Net.
7:07 of 3rd period - Minor Penalty to Jeff O'Neill for Hooking.
7:08 of 3rd period - Marc Savard wins face-off versus Pierre-Marc Bouchard in Flyers zone.
7:15 of 3rd period - Snap shot by Pavol Demitra.
7:15 of 3rd period - Stopped by Ray Emery without a rebound.
7:16 of 3rd period - Pierre-Marc Bouchard wins face-off versus Marc Savard in Flyers zone.
7:51 of 3rd period - Slapshot by Ian White.
7:51 of 3rd period - Shot Misses the Net.
9:07 of 3rd period - Penalty to Jeff O'Neill is over, Jeff O'Neill is back on ice.
9:16 of 3rd period - Snap shot by Patrick Kaleta.
9:16 of 3rd period - Deflect By Steve Begin.
9:16 of 3rd period - Shot Misses the Net.
9:16 of 3rd period - Puck is out of play.
9:17 of 3rd period - Marty Reasoner wins face-off versus Marcel Goc in Flyers zone.
9:26 of 3rd period - Marty Reasoner is hit by Loui Eriksson and loses puck.
9:37 of 3rd period - Snap shot by Loui Eriksson.
9:37 of 3rd period - Stopped by Byron Dafoe with a rebound.
9:39 of 3rd period - Slapshot by Nolan Pratt.
9:39 of 3rd period - Shot Blocked by Marty Reasoner.
10:06 of 3rd period - Slapshot by Patrick Kaleta.
10:06 of 3rd period - Shot Blocked by Ed Jovanovski.
10:08 of 3rd period - Snap shot by Patrick Kaleta.
10:08 of 3rd period - Shot Misses the Net.
10:16 of 3rd period - Snap shot by Patrick Kaleta.
10:16 of 3rd period - Shot Misses the Net.
10:18 of 3rd period - Slapshot by Patrick Kaleta.
10:18 of 3rd period - Shot Blocked by Brooks Orpik.
10:20 of 3rd period - Snap shot by Marty Reasoner.
10:20 of 3rd period - Shot Hit the Post.
10:22 of 3rd period - Wrist shot by Marty Reasoner.
10:22 of 3rd period - Stopped by Ray Emery without a rebound.
10:23 of 3rd period - Marc Savard wins face-off versus Pierre-Marc Bouchard in Flyers zone.
10:23 of 3rd period - Minor Penalty to Marc Savard for Tripping.
10:24 of 3rd period - Jonathan Toews wins face-off versus Kyle Wellwood in Flyers zone.
10:55 of 3rd period - Snap shot by Pierre-Marc Bouchard.
10:55 of 3rd period - Stopped by Ray Emery without a rebound.
10:56 of 3rd period - Kyle Wellwood wins face-off versus Pierre-Marc Bouchard in Flyers zone.
11:03 of 3rd period - Wrist shot by Pavol Demitra.
11:03 of 3rd period - Shot Misses the Net.
11:05 of 3rd period - Wrist shot by Joe Callahan.
11:05 of 3rd period - Shot Blocked by Kyle Wellwood.
11:07 of 3rd period - Snap shot by Pierre-Marc Bouchard.
11:07 of 3rd period - Deflect By Ilya Kovalchuk.
11:07 of 3rd period - Shot Misses the Net.
11:07 of 3rd period - Puck is out of play.
11:08 of 3rd period - Jonathan Toews wins face-off versus Kyle Wellwood in Flyers zone.
11:39 of 3rd period - Off-side.
11:40 of 3rd period - Kyle Wellwood wins face-off versus Pierre-Marc Bouchard in neutral zone.
11:43 of 3rd period - Wrist shot by Kyle Wellwood.
11:43 of 3rd period - Deflect By Ian White.
11:43 of 3rd period - Stopped by Byron Dafoe without a rebound.
11:44 of 3rd period - Pierre-Marc Bouchard wins face-off versus Kyle Wellwood in Oilers zone.
12:09 of 3rd period - Brooks Orpik is hit by Joe Callahan and loses puck.
12:16 of 3rd period - Snap shot by Patrick Marleau.
12:16 of 3rd period - Shot Blocked by Andrei Kostitsyn.
12:20 of 3rd period - Snap shot by Jonathan Toews.
12:20 of 3rd period - Stopped by Ray Emery with a rebound.
12:23 of 3rd period - Penalty to Marc Savard is over, Marc Savard is back on ice.
12:30 of 3rd period - Patrick Kaleta is hit by Eric Godard and loses puck.
13:43 of 3rd period - Joe Callahan is hit by Shane Doan and loses puck.
14:18 of 3rd period - Slapshot by Loui Eriksson.
14:18 of 3rd period - Stopped by Byron Dafoe without a rebound.
14:19 of 3rd period - Marcel Goc wins face-off versus Marty Reasoner in Oilers zone.
14:28 of 3rd period - Wrist shot by Steve Begin.
14:28 of 3rd period - Deflect By Patrick Kaleta.
14:28 of 3rd period - Shot Misses the Net.
14:28 of 3rd period - Puck is out of play.
14:29 of 3rd period - Pierre-Marc Bouchard wins face-off versus Marc Savard in Flyers zone.
14:39 of 3rd period - Off-side.
14:40 of 3rd period - Marc Savard wins face-off versus Pierre-Marc Bouchard in neutral zone.
14:42 of 3rd period - Off-side.
14:43 of 3rd period - Marc Savard wins face-off versus Pierre-Marc Bouchard in neutral zone.
14:48 of 3rd period - Snap shot by Shane Doan.
14:48 of 3rd period - Shot Blocked by Jiri Slegr.
14:53 of 3rd period - Minor Penalty to Marc Savard for Roughing.
14:54 of 3rd period - Jonathan Toews wins face-off versus Kyle Wellwood in Flyers zone.
15:03 of 3rd period - Snap shot by Joe Pavelski.
15:03 of 3rd period - Shot Misses the Net.
15:05 of 3rd period - Slapshot by Ian White.
15:05 of 3rd period - Shot Misses the Net.
15:41 of 3rd period - Joe Callahan is hit by Ed Jovanovski and loses puck.
15:52 of 3rd period - Wrist shot by Shane Doan.
15:52 of 3rd period - Deflect By Martin St. Louis.
15:52 of 3rd period - Stopped by Byron Dafoe without a rebound.
15:53 of 3rd period - Kyle Wellwood wins face-off versus Pierre-Marc Bouchard in Oilers zone.
15:54 of 3rd period - Wrist shot by Simon Gagné.
15:54 of 3rd period - Stopped by Byron Dafoe without a rebound.
15:55 of 3rd period - Kyle Wellwood wins face-off versus Ilya Kovalchuk in Oilers zone.
16:30 of 3rd period - Snap shot by Patrick Marleau.
16:30 of 3rd period - Stopped by Ray Emery without a rebound.
16:31 of 3rd period - Pierre-Marc Bouchard wins face-off versus Kyle Wellwood in Flyers zone.
16:44 of 3rd period - Slapshot by Jiri Slegr.
16:44 of 3rd period - Stopped by Ray Emery with a rebound.
16:46 of 3rd period - Slapshot by Ian White.
16:46 of 3rd period - Shot Misses the Net.
16:53 of 3rd period - Penalty to Marc Savard is over, Marc Savard is back on ice.
17:02 of 3rd period - Snap shot by Jeff O'Neill.
17:02 of 3rd period - Shot Blocked by Ian White.
17:21 of 3rd period - Minor Penalty to Marcel Goc for Slashing.
17:22 of 3rd period - Marc Savard wins face-off versus Jonathan Toews in Flyers zone.
17:33 of 3rd period - Wrist shot by Patrick Marleau.
17:33 of 3rd period - Shot Misses the Net.
17:35 of 3rd period - Backhand shot by Joe Callahan.
17:35 of 3rd period - Deflect By Marc Savard.
17:35 of 3rd period - Stopped by Ray Emery without a rebound.
17:36 of 3rd period - Pierre-Marc Bouchard wins face-off versus Marc Savard in Flyers zone.
17:47 of 3rd period - Snap shot by Ilya Kovalchuk.
17:47 of 3rd period - Stopped by Ray Emery with a rebound.
18:01 of 3rd period - Brian Campbell is hit by Patrick Marleau and loses puck.
18:08 of 3rd period - Slapshot by Jonathan Toews.
18:08 of 3rd period - Shot Misses the Net.
18:10 of 3rd period - Snap shot by Joe Callahan.
18:10 of 3rd period - Goal by Joe Callahan - Oilers : 4 - Flyers : 3.
18:11 of 3rd period - Marty Reasoner wins face-off versus Kyle Wellwood in neutral zone.
18:13 of 3rd period - Minor Penalty to Andrei Kostitsyn for High sticking.
18:14 of 3rd period - Jonathan Toews wins face-off versus Marc Savard in Flyers zone.
18:15 of 3rd period - Backhand shot by Joe Pavelski.
18:15 of 3rd period - Stopped by Ray Emery without a rebound.
18:16 of 3rd period - Jonathan Toews wins face-off versus Marc Savard in Flyers zone.
Output by the SimonT Hockey Simulator (STHS) for François Prévost -- Original Page W3C XHTML 1.0 Valid